 Dungeon Crawl Stone Soup version 0.32-a0-460-gc8eefc90e7 (webtiles) character file.

Game seed: 2022127209043717473

109 GordonOverkill the Sneak (level 4, 0/24 HPs)
             Began as a Spriggan Delver on Feb 24, 2024.
             Slain by an orc warrior
             ... wielding a +0 morningstar
              (8 damage)
             ... on level 6 of the Dungeon.
             The game lasted 00:02:23 (570 turns).

GordonOverkill the Sneak (Spriggan Delver)           Turns: 570, Time: 00:02:24

Health: 0/24       AC:  2    Str:  8    XL:     4   Next: 59%
Magic:  9/9        EV: 17    Int: 13    God:
Gold:   0          SH:  0    Dex: 16    Spells: 9/9 levels left

rFire   . . .        i - +2 flail (drain)
rCold   . . .        (no shield)
rNeg    . . .        b - +0 robe
rPois   .            (helmet restricted)
rElec   .            (no cloak)
rCorr   .            (gloves unavailable)
SInv    +            (boots unavailable)
Will    .....        (no amulet)
Stlth   ++++         (no ring)
HPRegen 0.24/turn    (no ring)
MPRegen 0.11/turn

%: no passive effects
@: very quick
A: very small, no large weapons, unfitting armour, see invisible, speed 3
a: no special abilities


You were on level 6 of the Dungeon.
You visited 1 branch of the dungeon, and saw 2 of its levels.

Inventory:

Hand Weapons
 a - a +0 short sword
 i - a +2 flail of draining (weapon)
Armour
 b - a +0 robe (worn)
Wands
 g - a wand of digging (3)
Scrolls
 c - a scroll of fog
 d - a scroll of revelation
 e - a scroll of fear
 h - a scroll of identify {unknown}
Potions
 f - a potion of haste


   Skills:
 - Level 3.0 Fighting
 - Level 2.1 Short Blades
 - Level 2.6 Dodging
 - Level 7.2 Stealth
 - Level 3.0 Spellcasting
 + Level 1.9 Conjurations


You had 9 spell levels left.
You didn't know any spells.
Your spell library was empty.

Dungeon Overview and Level Annotations

Branches:
Dungeon (6/15)
 Temple: D:4-7

Altars:

Shops:
D:5 (!


Innate Abilities, Weirdness & Mutations

You are very small and have problems with some larger weapons.
You are too small for most types of armour.
You have supernaturally acute eyesight. (SInv)
You cover ground extremely quickly. (Speed+++)


Message History

No target in view!
You start resting.
HP restored.
Things that are here:
a +0 dagger; a +2 robe of cold resistance An orc is nearby!
An orc comes into view. It is wielding a +0 falchion.
The helpless orc fails to defend itself.
You hit the orc but do no damage. The orc hits you with a +0 club.
You hit the orc. You drain the orc.
The orc is severely wounded.
The orc completely misses you. The orc barely misses you.
You closely miss the orc.
The orc is severely wounded.
The orc misses you.
You thump the orc!
You kill the orc!
Found a stone staircase leading down.
The helpless orc fails to defend itself.
You hit the orc.
The orc is lightly wounded.
The orc barely misses you.
You thump the orc!
You kill the orc!
The helpless orc fails to defend itself.
You sock the orc! You drain the orc.
You kill the orc!
The orc warrior shouts!
The orc warrior barely misses you.
You hit the orc warrior but do no damage.
You drain the orc warrior.
The orc warrior is lightly wounded.
The orc warrior closely misses you.
You barely miss the orc warrior.
The orc warrior is lightly wounded.
The orc warrior hits you with a +0 morningstar!
Ouch! That really hurt!
* * * LOW HITPOINT WARNING * * *
The orc warrior hits you with a +0 morningstar!
You die...

#.#.# ...
#.#.####.#####
#.#...........
#.####.....##
#.####.###.#####
#......# #.....#
# ######.###.#
#.# >#
#.)...###)##.##.#
###..o@....)....#
#.#####..#.####
#.# ##.#
#.......).......
########.#..####
#....# ..# .# ...
.# #.. #


You could see an orc warrior (drained).

Vanquished Creatures
  A bombardier beetle (D:6)
  2 orc wizards (D:6)
  10 orcs
13 creatures vanquished.

Notes
Turn   | Place    | Note
-------+----------+-------------------------------------------
     0 | D:5      | GordonOverkill the Spriggan Delver began the quest for the
                  | Orb.
     0 | D:5      | Reached XP level 1. HP: 11/11 MP: 2/2
    10 | D:5      | Found Alunowe's Antique Weapon Emporium.
    45 | D:6      | Noticed an orc wizard
   247 | D:6      | Killed an orc wizard
   248 | D:6      | Reached XP level 2. HP: 16/16 MP: 3/6
   259 | D:6      | Reached XP level 3. HP: 18/20 MP: 4/7
   274 | D:6      | Reached skill level 1 in Conjurations
   307 | D:6      | Reached XP level 4. HP: 16/24 MP: 9/9
   383 | D:6      | Noticed a black bear
   391 | D:6      | Noticed an orc warrior
   570 | D:6      | Slain by an orc warrior

Illustrated notes

Levels and vault maps discovered:
D:5:      corexii_shack_village, layout_loops_ring, gammafunk_ghost_stat_death,
          serial_shops, nicolae_shop_overgrown_old_shop, shop
D:6:      layout_loops_ring, minmay_temple_entry_mini_moons, serial_bayou_pond_d

Skill      XL: |  1  2  3 |
---------------+----------+-----
Fighting       | 3 |  3.0
Spellcasting   | 2 3 |  3.0
Conjurations   | 1 |  1.9
Short Blades   | |  2.1
Dodging        | |  2.6
Stealth        | |  7.2

Action                     |  1- 3 |  4- 6 || total
---------------------------+-------+-------++-------
  Melee: Short sword       |     7 |       ||     7
         Flail             |    15 |    23 ||    38
   Stab: Sleeping          |       |     3 ||     3
         Distracted        |       |     1 ||     1
 Armour: Robe              |     4 |    10 ||    14
  Dodge: Dodged            |    16 |    14 ||    30

Table legend: (Time is in decaauts)
 A = Elapsed time spent in this place.
 B = Non-inter-level travel time spent in this place.
 C = Inter-level travel time spent in this place.
 D = Time resting spent in this place.
 E = Time spent auto-exploring this place.
 F = Levels seen in this place.
 G = Mean time per level.
                   A        B        C        D        E       F      G
               +--------+--------+--------+--------+--------+-----+--------+
         Total |    486 |    486 |      0 |    278 |     17 |   2 |  243.0 |
       Dungeon |    486 |    486 |      0 |    278 |     17 |   2 |  243.0 |
               +--------+--------+--------+--------+--------+-----+--------+

Top non-repeatable levels by time:
     D:6: 419 daAuts
     D:5: 67 daAuts
